 Dungeon Crawl Stone Soup version 0.23.2-1-ga50397a (webtiles) character file.

Game seed: 10196837584164113374

1006657 shadizar the Conqueror (level 27, -2/298 HPs)
             Began as a Gargoyle Fighter on May 15, 2019.
             Was the Champion of the Shining One.
             Killed by divine providence
             ... invoked by a greater mummy
              (12 damage)
             ... on level 1 of the Tomb of the Ancients on May 17, 2019.
             The game lasted 03:30:04 (75658 turns).

shadizar the Conqueror (Gargoyle Fighter)          Turns: 75658, Time: 03:30:05

Health: -2/298     AC: 61    Str: 40      XL:     27
Magic:  28/31      EV: 13    Int:  7      God:    the Shining One [******]
Gold:   3318       SH: 37    Dex:  4 (9)  Spells: 26/26 levels left

rFire    + + +     SeeInvis .   h - +9 sacred scourge (holy)
rCold    + + +     Gourm    .   I - +5 shield {reflect}
rNeg     + + +     Faith    .   o - +5 gold dragon scales
rPois    ∞         Spirit   .   O - +2 hat {MR+}
rElec    +         Reflect  +   V - +2 cloak {rC+}
rCorr    +         Harm     .   s - +2 pair of gloves {Str+3}
MR       +++++                  i - +0 pair of boots {run}
Stlth    ..........             b - amulet "Uhyfeiti" {+Rage rF+ rC++}
HPRegen  0.59/turn              w - ring "Gusufroh" {*Slow rPois MR++ Int-2 Dex+2}
MPRegen  0.22/turn              c - ring "Deanwuse" {rPois rF+ rC+ Str+3}

@: berserking (expiring), divine shield, resistant, flying, glowing, very quick
A: antennae 1, big wings, yellow scales 1, clumsy 1, deformed body,
deterioration 2, dopey 1, low mp 1, negative energy resistance 1, electricity
resistance, weak 1, unbreathing, petrification resistance, no potion heal 1, rot
immunity, AC +20
}: 7/15 runes: serpentine, barnacled, silver, iron, obsidian, icy, bone
a: Stop Flying, Divine Shield, Cleansing Flame, Summon Divine Warrior, Renounce
Religion, Evoke Berserk Rage


You were on level 1 of the Tomb of the Ancients.
You worshipped the Shining One.
The Shining One was exalted by your worship.
You were not hungry.

You visited 16 branches of the dungeon, and saw 79 of its levels.
You also visited: Sewer, Ice Cave and Volcano.

You collected 11170 gold pieces.
You spent 7852 gold pieces at shops.

Inventory:

Hand Weapons
 h - a +9 sacred scourge of holy wrath (weapon)
 v - the +8 frozen axe "Frostbite" {freezing cloud, *Noise +Fly rC+}
   (You found it on level 7 of Tartarus)

   It has been specially enchanted to freeze those struck by it, causing extra
   injury to most foes and up to half again as much damage against particularly
   susceptible opponents.
   It can also slow down cold-blooded creatures.
   It protects you from cold.
   It lets you fly.
   It may make noises in combat.
 x - the cursed +2 shortbow "Jisoheh" {velocity, MR+ Str-3 Int+2 Dex+2, unknown}
   (You found it on level 3 of the Crypt)

   Any arrow fired from it inflicts extra damage.
   It affects your strength (-3).
   It affects your intelligence (+2).
   It affects your dexterity (+2).
   It affects your resistance to hostile enchantments.
   It has a curse placed upon it.
 K - the +7 war axe of Drought {chop, rF+ rC+ MR+++ Str-2, unknown}
   (You found it on level 2 of the Tomb of the Ancients)

   It inflicts extra damage upon your enemies.
   It affects your strength (-2).
   It protects you from fire.
   It protects you from cold.
   It affects your resistance to hostile enchantments.
Armour
 i - a +0 pair of boots of running (worn)
 m - the +6 faerie dragon scales {rCorr MP+9 Str+5}
   (You took it off the Enchantress on level 3 of the Depths)

   It affects your strength (+5).
   It affects your magic capacity (+9).
   It provides partial protection from all sources of acid and corrosion.
 o - +5 gold dragon scales (worn)
 s - a +2 pair of gloves of strength (worn)
 I - a +5 shield of reflection (worn)
 O - a +2 hat of magic resistance (worn)
 V - a +2 cloak of cold resistance (worn)
 X - a +2 pair of boots
Jewellery
 a - an uncursed amulet of harm {unknown}
 b - the amulet "Uhyfeiti" (around neck) {+Rage rF+ rC++}
   (You bought it in a shop on level 4 of the Depths)

   [amulet of rage]

   It protects you from fire.
   It greatly protects you from cold.
   It lets you go berserk.
 c - the ring "Deanwuse" (right hand) {rPois rF+ rC+ Str+3}
   (You acquired it on level 7 of the Dungeon)

   [ring of strength]

   It affects your strength (+3).
   It protects you from fire.
   It protects you from cold.
   It protects you from poison.
 j - a +5 ring of intelligence
 k - the ring of Hauplewn {Str+3 Dex+3 Stlth-}
   (You found it on level 2 of the Depths)

   [ring of attention]

   It affects your strength (+3).
   It affects your dexterity (+3).
   It makes you less stealthy.
 u - an uncursed ring of resist corrosion
 w - the ring "Gusufroh" (left hand) {*Slow rPois MR++ Int-2 Dex+2}
   (You found it on level 7 of Tartarus)

   [ring of intelligence]

   It affects your intelligence (-2).
   It affects your dexterity (+2).
   It protects you from poison.
   It affects your resistance to hostile enchantments.
   It may slow you when you take damage.
 C - an uncursed ring of fire
 G - an uncursed amulet of regeneration
 J - an uncursed ring of protection from magic
Wands
 y - a wand of polymorph (6)
 E - a wand of digging (8)
 L - a wand of flame (129)
 N - a wand of iceblast (40)
 T - a wand of acid (42)
Scrolls
 e - 31 scrolls of remove curse
 g - 2 scrolls of amnesia
 l - 6 scrolls of magic mapping
 n - 20 scrolls of teleportation
 q - 2 scrolls of enchant weapon
 r - 11 scrolls of identify
 t - a scroll of fear
 F - 7 scrolls of blinking
 Z - 8 scrolls of fog
Potions
 d - 4 potions of might
 p - 3 potions of berserk rage
 A - a potion of haste
 B - 19 potions of curing
 D - 6 potions of ambrosia
 P - 4 potions of resistance
 S - 2 potions of agility
Miscellaneous
 W - a lamp of fire
Comestibles
 f - 62 rations


   Skills:
 O Level 27 Fighting
 + Level 26.2 Maces & Flails
 O Level 27 Armour
 + Level 22.8 Dodging
 O Level 27 Shields
 - Level 17.0 Invocations
 - Level 6.7 Evocations


You had 26 spell levels left.
You didn't know any spells.
Your spell library contained the following spells:

 Spells                   Type           Power        Failure   Level  Hunger
 Animate Skeleton         Necr           N/A          86%         1    ##.....
 Apportation              Tloc           #.....       86%         1    ##.....
 Beastly Appendage        Tmut           #.....       86%         1    ##.....
 Confusing Touch          Hex            #.....       86%         1    ##.....
 Corona                   Hex            #......      86%         1    ##.....
 Flame Tongue             Conj/Fire      #....        86%         1    ##.....
 Freeze                   Ice            #...         86%         1    ##.....
 Magic Dart               Conj           #...         86%         1    ##.....
 Pain                     Necr           #...         86%         1    ##.....
 Shock                    Conj/Air       #...         86%         1    ##.....
 Summon Butterflies       Summ           #.......     86%         1    ##.....
 Summon Small Mammal      Summ           #...         86%         1    ##.....
 Blink                    Tloc           N/A          94%         2    ###....
 Call Imp                 Summ           #.......     94%         2    ###....
 Ensorcelled Hibernation  Hex/Ice        #.....       94%         2    ###....
 Passwall                 Tmut/Erth      #.......     94%         2    ###....
 Poisonous Vapours        Pois/Air       #.....       94%         2    ###....
 Searing Ray              Conj           #.....       94%         2    ###....
 Slow                     Hex            #.......     94%         2    ###....
 Sticks to Snakes         Tmut           #.......     94%         2    ###....
 Swiftness                Chrm/Air       #.......     94%         2    ###....
 Throw Flame              Conj/Fire      #.....       94%         2    ###....
 Throw Frost              Conj/Ice       #.....       94%         2    ###....
 Call Canine Familiar     Summ           #.......     99%         3    ####...
 Confuse                  Hex            #.......     99%         3    ####...
 Conjure Flame            Conj/Fire      #.......     99%         3    ####...
 Dazzling Spray           Conj/Hex       #.....       99%         3    ####...
 Ignite Poison            Fire/Tmut/Pois #.......     99%         3    ####...
 Inner Flame              Hex/Fire       #.......     99%         3    ####...
 Lesser Beckoning         Tloc           #.........   99%         3    ####...
 Mephitic Cloud           Conj/Pois/Air  #.......     99%         3    ####...
 Ozocubu's Armour         Chrm/Ice       #.......     99%         3    ####...
 Portal Projectile        Hex/Tloc       #.....       99%         3    ####...
 Recall                   Summ/Tloc      N/A          99%         3    ####...
 Regeneration             Chrm/Necr      #.........   99%         3    ####...
 Spectral Weapon          Hex/Chrm       #.......     99%         3    ####...
 Spider Form              Tmut/Pois      #.........   99%         3    ####...
 Static Discharge         Conj/Air       #.......     99%         3    ####...
 Summon Guardian Golem    Hex/Summ       #.......     99%         3    ####...
 Tukima's Dance           Hex            #.......     99%         3    ####...
 Vampiric Draining        Necr           #.........   99%         3    ####...
 Airstrike                Air            #.........   100%        4    #####..
 Animate Dead             Necr           N/A          100%        4    #####..
 Cause Fear               Hex            #.........   100%        4    #####..
 Force Lance              Conj/Tloc      #.......     100%        4    #####..
 Fulminant Prism          Conj/Hex       #.........   100%        4    #####..
 Ice Form                 Ice/Tmut       #.......     100%        4    #####..
 Iskenderun's Mystic Bla  Conj           #.......     100%        4    #####..
 Leda's Liquefaction      Hex/Erth       #.........   100%        4    #####..
 Passage of Golubria      Tloc           N/A          100%        4    #####..
 Sticky Flame             Conj/Fire      #.......     100%        4    #####..
 Summon Ice Beast         Ice/Summ       #.......     100%        4    #####..
 Summon Lightning Spire   Summ/Air       #.......     100%        4    #####..
 Throw Icicle             Conj/Ice       #.......     100%        4    #####..
 Agony                    Necr           #.......     100%        5    ######.
 Alistair's Intoxication  Tmut/Pois      #.......     100%        5    ######.
 Blade Hands              Tmut           #.........   100%        5    ######.
 Bolt of Draining         Conj/Necr      #.........   100%        5    ######.
 Bolt of Magma            Conj/Fire/Erth #.........   100%        5    ######.
 Borgnjor's Vile Clutch   Necr/Erth      #.........   100%        5    ######.
 Dispel Undead            Necr           #.......     100%        5    ######.
 Excruciating Wounds      Chrm/Necr      #.........   100%        5    ######.
 Fireball                 Conj/Fire      #.........   100%        5    ######.
 Irradiate                Conj/Tmut      #.........   100%        5    ######.
 Iskenderun's Battlesphe  Conj/Chrm      #.......     100%        5    ######.
 Lee's Rapid Deconstruct  Erth           #.........   100%        5    ######.
 Lightning Bolt           Conj/Air       #.........   100%        5    ######.
 Silence                  Hex/Air        #.........   100%        5    ######.
 Summon Demon             Summ           #.........   100%        5    ######.
 Summon Mana Viper        Hex/Summ       #.......     100%        5    ######.
 Venom Bolt               Conj/Pois      #.........   100%        5    ######.
 Yara's Violent Unravell  Hex/Tmut       #.........   100%        5    ######.
 Bolt of Fire             Conj/Fire      #.........   100%        6    #######
 Conjure Ball Lightning   Conj/Air       #.........   100%        6    #######
 Darkness                 Hex            #.........   100%        6    #######
 Death Channel            Necr           #.........   100%        6    #######
 Deflect Missiles         Chrm/Air       #.........   100%        6    #######
 Freezing Cloud           Conj/Ice/Air   #.........   100%        6    #######
 Hydra Form               Tmut           #.........   100%        6    #######
 Invisibility             Hex            #.......     100%        6    #######
 Iron Shot                Conj/Erth      #.........   100%        6    #######
 Simulacrum               Ice/Necr       #.........   100%        6    #######
 Dragon Form              Tmut           #.........   100%        7    #######
 Malign Gateway           Summ/Tloc      #.........   100%        7    #######
 Monstrous Menagerie      Summ           #.........   100%        7    #######
 Orb of Destruction       Conj           #.........   100%        7    #######
 Ring of Flames           Chrm/Fire      #.........   100%        7    #######
 Spellforged Servitor     Conj/Summ      #.........   100%        7    #######
 Summon Greater Demon     Summ           #.........   100%        7    #######
 Summon Hydra             Summ           #.........   100%        7    #######
 Death's Door             Chrm/Necr      #.........   100%        8    #######
 Discord                  Hex            #.........   100%        8    #######
 Ignition                 Fire           #.........   100%        8    #######
 Summon Horrible Things   Summ           #.........   100%        8    #######
 Dragon's Call            Summ           #.........   100%        9    #######
 Shatter                  Erth           #.........   100%        9    #######
 Tornado                  Air            #.........   100%        9    #######
 Statue Form              Tmut/Erth      Unusable     N/A         6    N/A

Dungeon Overview and Level Annotations

Branches:
Dungeon (15/15)            Temple (1/1) D:6            Lair (6/6) D:9
 Shoals (4/4) Lair:4        Snake (4/4) Lair:2        Slime (0/5) Lair:6
    Orc (2/2) D:11            Elf (3/3) Orc:2        Vaults (5/5) D:14
  Crypt (3/3) Vaults:3       Tomb (2/3) Crypt:3      Depths (5/5) D:15
   Hell (1/1)                 Dis (7/7) Hell            Geh (7/7) Hell
    Coc (7/7) Hell            Tar (7/7) Hell            Zot (0/5) Depths:5

Altars:
Ashenzari
Cheibriados
Dithmenos
Elyvilon
Fedhas
Gozag
Hepliaklqana
Kikubaaqudgha
Makhleb
Nemelex Xobeh
Okawaru
Qazlal
Ru
Sif Muna
Trog
Uskayaw
Vehumet
Wu Jian
Xom
Yredelemnul
Zin
The Shining One
Beogh

Shops:
D:6 *   D:7 !**   Orc:2 :![:   Elf:2 ?%((}   Elf:3 :   Snake:1 }   Snake:2 =
Snake:4 (   Vaults:2 :   Vaults:4 [   Vaults:5 =}!*!!!%   Depths:3 :
Depths:4 }}=   Depths:5 *?

Portals:
Hell: Depths:1 Depths:2 Depths:3 Depths:4 Depths:5
Abyss: Depths:4
Pandemonium: Depths:2 Depths:3 Depths:4
Ziggurat: Depths:1

Annotations:
D:2 Sigmund
D:6 3 runed translucent doors, JeronimusCornelisz's ghost, novice MiBe
Lair:5 exclusion: 4 oklob plants
Lair:6 2 runed translucent doors, funkygono's ghost, journeyman GrEE
Shoals:1 1 runed translucent door, Tramtrist's ghost, journeyman FeBe
Tomb:1 Mennas


Innate Abilities, Weirdness & Mutations

You are resistant to torment.
Your stone body is resilient. (AC +20)
You are immune to poison.
Your large and strong wings let you fly indefinitely.
You resist negative energy. (rN+)
You are resistant to electric shocks. (rElec)
You can survive without breathing.
You are immune to petrification.
You are immune to rotting.
You have a pair of small antennae on your head.
You are partially covered in yellow scales. (AC +2)
You are clumsy. (Dex -2)
Armour fits poorly on your strangely shaped body.
Your body often deteriorates upon taking damage.
You are dopey. (Int -2)
Your magical capacity is low. (-10% MP)
You are weak. (Str -2)
Potions are less effective at restoring your health.


Message History

* * * LOW HITPOINT WARNING * * *
Something is bathed in an unholy light!
You thrash the soul eater!!
You kill the soul eater!
You block the phantasmal warrior's attack.
Unknown command.
You whack the vampire!
The vampire convulses!
The vampire is severely damaged.
The greater mummy gestures at you while chanting.
Something smites you!
* * * LOW HITPOINT WARNING * * *
The greater mummy points at you and mumbles some strange words.
Something smites you!
* * * LOW HITPOINT WARNING * * *
The death scarab waves its antennae.
You barely miss the vampire.
The vampire is severely damaged.
The greater mummy casts a spell at you. Something smites you!
You die... ..# #..........# 8.# .sss #..........# ..# . sMss #..........# ..# .s sMW #..........# 8.# #s##ZM #..........# ..# #SsWZ

#..(.......# ..# ..#MMWW{{
#..........# 8.#
..W.WMV####..........# ..#
{#@W##..........# ..#
{#§§##..........# 8.#
#####..........#
(†##################..........#
.)....................(.......#
8....)†.......................#
.....÷(.......................#
.....÷†.......................#
..............................#


You could see 6 greater mummies, an emperor scorpion, 2 phantasmal warriors, a
mana viper, 3 freezing wraiths, a hungry ghost, a vampire, 9 death scarabs, a
shadow, a shock serpent simulacrum and a five-headed hydra skeleton.

Vanquished Creatures
  Antaeus (Coc:7)
  Asmodeus (Geh:7)
  Ereshkigal (Tar:7)
  the Serpent of Hell (Geh:7)
  Dispater (Dis:7)
  Mara (Crypt:1)
  5 ancient liches
  A juggernaut (Depths:4)
  8 greater mummies
  Boris (Crypt:1)
  19 shard shrikes
  Bai Suzhen (Depths:1)
  Geryon (Hell)
  Xtahua (Depths:5)
  Saint Roka (Vaults:1)
  A caustic shrike (Depths:4)
  Jory (Depths:5)
  4 golden dragons
  the Enchantress (Depths:3)
  19 bone dragons
  23 Tzitzimimeh
  17 Brimstone Fiends
  9 iron giants
  11 doom hounds
  15 Hell Sentinels
  12 Ice Fiends
  6 tentacled monstrosities
  A deep elf master archer (Elf:3)
  13 liches
  3 deep elf blademasters
  An Executioner (Dis:7)
  3 titans (Vaults:5)
  Gastronok (Lair:2)
  An eldritch tentacle (Tar:7)
  10 sphinxes
  Polyphemus (Shoals:3)
  20 ancient champions
  Frances (Elf:1)
  Kirke (Shoals:4)
  30 shadow dragons
  3 storm dragons
  5 nagarajas
  Roxanne (D:14)
  7 revenants
  5 tengu reavers
  Ilsuiw (Shoals:4)
  20 frost giants
  12 fire giants
  3 deep elf sorcerers
  4 cacodemons
  9 iron dragons (Dis:7)
  Aizul (Snake:1)
  15 vault wardens
  An orc warlord (Vaults:5)
  A draconian stormcaller (Depths:5)
  6 deep elf elementalists (Elf:3)
  13 balrugs
  16 ironheart preservers
  A curse skull (Crypt:1)
  A draconian scorcher (Depths:5)
  3 ghouls (Crypt:3)
  71 reapers
  4 spriggan defenders
  24 war gargoyles
  4 elemental wellsprings
  An entropy weaver (Vaults:2)
  2 juggernaut skeletons
  15 very ugly things
  A caustic shrike skeleton (Depths:4)
  27 stone giants
  24 vampire knights
  3 deep elf demonologists (Elf:3)
  4 lorocyprocas
  3 yellow draconians (Depths:5)
  4 deep elf annihilators
  A dire elephant (D:15)
  A purple draconian (Depths:5)
  A spark wasp (shapeshifter) (Depths:3)
  A red draconian (Depths:5)
  5 spark wasps
  2 white draconians (Depths:5)
  23 ettins
  21 mummy priests
  3 merfolk javelineers
  21 blizzard demons
  11 deep elf death magi
  4 eidola
  A green death (Dis:7)
  7 quicksilver dragon zombies
  20 jiangshi
  11 great orbs of eyes
  10 merfolk impalers
  18 fire dragons
  5 deep elf high priests
  4 kraken zombies
  19 yaktaur captains
  34 vault guards
  5 quicksilver dragon skeletons
  29 ice dragons
  7 rakshasas
  12 centaur warriors
  7 spriggan air magi
  20 naga warriors
  3 alligator snapping turtles
  3 merfolk avatars
  2 catoblepae
  7 merfolk aquamancers
  Erica (D:10)
  8 hydras
  17 anacondas
  A satyr (Shoals:4)
  3 hell beasts
  6 death knights
  8 death yaks
  20 ogre magi
  42 two-headed ogres
  5 tengu warriors
  11 death scarabs (Tomb:1)
  A two-headed ogre (shapeshifter) (Depths:3)
  6 deep troll shamans
  3 orc high priests
  17 deep troll earth magi
  5 spriggan berserkers
  29 dancing weapons
  14 vampire magi
  10 titan zombies
  23 soul eaters
  8 shock serpents
  37 hell hogs
  11 naga sharpshooters
  21 hell knights
  17 deep elf knights
  5 storm dragon zombies
  8 iron golems
  5 titan skeletons
  7 salamander mystics
  A spark wasp zombie (Depths:3)
  19 sun demons
  17 shadow wraiths
  Nergalle (Lair:3)
  11 iron trolls
  A sixfirhy (Depths:2)
  12 anaconda zombies
  38 deep trolls
  5 golden dragon zombies
  5 storm dragon skeletons
  205 skeletal warriors
  2 glowing orange brains
  A death drake (Tar:6)
  15 flayed ghosts
  3 unseen horrors
  22 sea snakes
  24 shadow demons
  5 shadow dragon zombies
  3 ghost moth zombies
  A kraken simulacrum (Hell)
  4 golden dragon skeletons
  16 deep elf archers
  12 ironbrand convokers
  5 lindwurms
  A harpy (shapeshifter) (Vaults:4)
  10 orc knights
  Pikel (D:5)
  A swamp dragon (shapeshifter) (Depths:1)
  6 wizards
  11 harpies
  7 naga ritualists
  5 wolf spider zombies
  8 anaconda skeletons
  3 human zombies
  5 mana vipers
  21 necromancers
  5 fire giant zombies
  5 iron dragon zombies
  28 phantasmal warriors
  69 deep elf magi
  4 frost giant zombies
  8 shadow dragon skeletons
  68 ugly things
  10 orc sorcerers
  5 wolf spiders
  12 stone giant zombies
  11 salamanders
  4 cyclopes
  An elephant (D:9)
  13 manticores
  20 fauns
  A sphinx skeleton (Depths:4)
  A tengu skeleton (Depths:4)
  3 iron dragon skeletons
  3 shock serpent zombies
  Joseph (D:7)
  40 rust devils
  29 black mambas
  8 water nymphs
  12 stone giant skeletons
  An eye of devastation (shapeshifter) (Vaults:3)
  A centaur zombie (D:15)
  14 merfolk sirens
  5 ice statues
  9 guardian serpents
  5 dire elephant zombies
  12 frost giant skeletons
  5 elf zombies
  11 molten gargoyles
  12 vault sentinels
  4 smoke demons
  20 naga magi
  5 fire giant skeletons
  9 spiny frogs
  A spiny frog (shapeshifter) (Vaults:2)
  5 dire elephant skeletons
  A storm dragon simulacrum (Vaults:2)
  A catoblepas zombie (Crypt:2)
  A kobold demonologist (Elf:1)
  A minotaur zombie (Dis:7)
  26 hellions
  6 komodo dragons
  54 freezing wraiths
  5 rime drakes
  A shock serpent skeleton (Geh:2)
  A green draconian zombie (Crypt:2)
  A hellwing (Depths:2)
  A redback zombie (Crypt:3)
  2 efreet
  A komodo dragon (shapeshifter) (Vaults:2)
  2 minotaur skeletons
  2 emperor scorpion zombies
  60 yaktaurs
  41 tormentors
  25 guardian mummies
  43 ice devils
  5 silent spectres
  A tengu conjurer (Depths:2)
  A meliai (shapeshifter) (Depths:5)
  32 merfolk
  8 trolls
  32 hydra zombies
  A catoblepas skeleton (Tar:1)
  A death yak skeleton (Crypt:1)
  30 red devils
  15 polar bears (IceCv)
  5 hydra skeletons
  5 harpy skeletons
  6 wind drakes
  A queen bee (shapeshifter) (Vaults:3)
  A shadow dragon simulacrum (Coc:1)
  38 slime creatures
  7 bog bodies
  A death drake skeleton (Crypt:2)
  A raiju (shapeshifter) (Vaults:3)
  10 dream sheep
  8 ettin zombies
  5 hornets
  9 blink frogs
  2 meliai zombies
  A moth of wrath zombie (Crypt:1)
  12 alligator zombies
  10 fire dragon zombies
  A fire giant simulacrum (Coc:1)
  11 snapping turtles
  A hippogriff (shapeshifter) (D:15)
  A human simulacrum (Vaults:3)
  11 hippogriffs
  6 ice dragon zombies
  A merfolk (shapeshifter) (D:14)
  A frost giant simulacrum (Vaults:5)
  An alligator skeleton (Geh:6)
  136 flying skulls
  A guardian serpent skeleton (Crypt:3)
  An iron dragon simulacrum (Depths:3)
  A shock serpent simulacrum (Coc:7)
  23 water elementals
  A tarantella (shapeshifter) (Depths:3)
  4 fire dragon skeletons
  33 wraiths
  A redback (Vaults:2)
  2 spriggans (shapeshifter)
  31 shadows
  5 wyverns
  A dire elephant simulacrum (Tar:4)
  4 spriggans (Depths:3)
  3 air elementals (Elf:1)
  6 ice dragon skeletons
  9 ettin skeletons
  A yak (shapeshifter) (Vaults:3)
  29 fire elementals
  A hog (shapeshifter) (Vaults:3)
  A chaos spawn (Depths:2)
  4 fire bats
  48 yaks
  2 black mamba skeletons
  4 ushabtiu
  A satyr skeleton (Crypt:2)
  5 hogs (Shoals:4)
  A yaktaur simulacrum (Vaults:3)
  2 steam dragons (Lair:6)
  4 hungry ghosts
  5 vampire mosquitoes
  5 basilisks
  18 humans (D:14)
  A gelid demonspawn zombie (Dis:1)
  34 nagas
  A neqoxec (Depths:3)
  2 torturous demonspawn zombies
  5 wargs
  2 ogre zombies
  4 hydra simulacra
  A soldier ant (shapeshifter) (Vaults:3)
  2 soldier ants (D:10)
  4 acid dragons
  A merfolk zombie (Dis:1)
  117 hell hounds
  A merfolk skeleton (Dis:4)
  4 porcupines
  20 spiny frog zombies
  Duvessa (D:5)
  2 floating eyes
  13 ice beasts
  8 spiny frog skeletons
  13 water moccasins
  A black bear (D:5)
  2 sky beasts
  36 orc warriors
  3 manticore zombies
  An eye of draining (D:13)
  A hornet zombie (D:14)
  9 snapping turtle zombies
  4 swamp dragon zombies
  An elf skeleton (Vaults:3)
  43 ogres
  33 necrophages
  20 centaurs
  14 wolves
  9 boggarts
  An ettin simulacrum (Vaults:2)
  2 eyes of draining (shapeshifter)
  17 phantoms
  2 swamp dragon skeletons
  4 snapping turtle skeletons
  15 crocodiles
  7 big kobolds
  18 bullfrogs
  3 gnoll sergeants (D:11)
  A spiny frog simulacrum (Coc:3)
  An earth elemental (Elf:3)
  Dowan (D:5)
  A wyvern skeleton (D:13)
  A wyvern zombie (Crypt:1)
  8 scorpions
  A troll zombie (Dis:7)
  A water moccasin skeleton (D:11)
  2 spriggan zombies
  2 snapping turtle simulacra
  A spriggan skeleton (Geh:7)
  16 killer bees
  2 troll skeletons
  4 electric eels
  A warg skeleton (Crypt:3)
  106 wights
  16 jellies
  5 lava snakes (Lair:6)
  21 crimson imps
  5 hounds
  4 quasits (Depths:3)
  2 bullfrog zombies
  33 iron imps
  14 orc priests
  Crazy Yiuf (D:7)
  4 centaur skeletons
  Terence (D:2)
  Jessica (D:2)
  A bullfrog skeleton (D:7)
  An iguana (D:5)
  41 orc wizards
  9 hell rats (Hell)
  18 worker ants
  A killer bee zombie (Crypt:3)
  A tengu zombie (Tar:1)
  A hound zombie (D:7)
  45 mummies
  2 worker ant zombies
  10 gnolls
  A howler monkey skeleton (Crypt:2)
  16 adders
  An adder (shapeshifter) (Vaults:3)
  16 shadow imps
  A swamp drake skeleton (Crypt:1)
  27 white imps
  An ufetubus (Depths:3)
  An iguana zombie (Crypt:3)
  An ooze (D:2)
  2 adder zombies
  An adder skeleton (D:5)
  A lava snake skeleton (Crypt:1)
  A worm (D:2)
  13 leopard geckos
  101 orcs
  7 ball pythons (Sewer)
  10 giant cockroaches
  9 goblins
  14 hobgoblins
  13 jackals
  A quokka (D:7)
  3 bats
  A dart slug zombie (Crypt:2)
  7 frilled lizards
  32 kobolds
  A kobold skeleton (Crypt:1)
  A leopard gecko skeleton (D:5)
  2 orc zombies
  A quokka zombie (D:8)
  6 rats
  A rat skeleton (Crypt:3)
  A spectral orc (D:7)
  A bush (D:7)
  2 crawling corpses (Elf:3)
  A fire vortex (Geh:7)
  3 plants (Shoals:3)
  9 tentacles
4346 creatures vanquished.

Vanquished Creatures (others)
  A deep elf master archer (Elf:3)
  2 fire giants (Depths:3)
  2 elemental wellsprings
  2 stone giants
  Nessos (D:12)
  4 merfolk javelineers
  A yaktaur captain (Vaults:5)
  3 centaur warriors
  5 satyrs
  A hell hog (Geh:1)
  4 naga sharpshooters
  A sea snake (Shoals:3)
  5 deep elf archers
  A phantasmal warrior (Tar:7)
  A manticore (Shoals:4)
  3 fauns (Shoals:4)
  2 cyclopes
  2 salamanders
  15 yaktaurs
  A merfolk (Shoals:3)
  A bog body (Coc:7)
  A human (Shoals:4)
  A water elemental (Hell)
  A naga (Snake:4)
  A hell hound (Dis:7)
  A boggart (Vaults:3)
  3 centaurs
  2 wights
  A crimson imp (Geh:7)
  An orc priest (Vaults:3)
  3 iron imps (Dis:7)
  A tengu zombie (Geh:6)
  8 orcs
  A fungus (D:9)
  75 plants
  23 tentacles
181 creatures vanquished.

Grand Total: 4527 creatures vanquished

Notes
Turn   | Place    | Note
-------+----------+-------------------------------------------
     0 | D:1      | shadizar the Gargoyle Fighter began the quest for the Orb.
     0 | D:1      | Reached XP level 1. HP: 14/14 MP: 1/1
    64 | D:1      | Reached XP level 2. HP: 6/19 MP: 2/2
   741 | D:2      | Reached XP level 3. HP: 22/23 MP: 3/3
   743 | D:2      | Noticed an air elemental
   856 | D:2      | Found a stormy altar of Qazlal.
   859 | D:2      | Noticed a fire elemental
   860 | D:2      | Noticed a water elemental
   860 | D:2      | Noticed an earth elemental
   871 | D:2      | Noticed Jessica
   882 | D:2      | Killed Jessica
   882 | D:2      | Reached skill level 1 in Dodging
   882 | D:2      | Reached XP level 4. HP: 19/29 MP: 4/4
  1096 | D:2      | Noticed Terence
  1110 | D:2      | Killed Terence
  1173 | D:2      | Noticed Sigmund
  1212 | D:2      | HP: 1/29 [something (1)]
  1332 | D:3      | Reached XP level 5. HP: 33/33 MP: 5/5
  1930 | D:4      | Found a glowing drain.
  2008 | Sewer    | Entered a sewer
  2466 | D:4      | Noticed an ogre
  2583 | D:5      | Entered Level 5 of the Dungeon
  2589 | D:5      | HP: 1/33 [iguana (7)]
  2886 | D:5      | Reached XP level 6. HP: 39/39 MP: 6/6
  2910 | D:5      | Found a shattered altar of Ashenzari.
  2969 | D:5      | Noticed Dowan
  2989 | D:5      | Noticed Duvessa
  3010 | D:5      | Killed Duvessa
  3022 | D:5      | Killed Dowan
  3022 | D:5      | Reached XP level 7. HP: 11/44 MP: 7/7
  3514 | D:5      | Noticed Pikel
  3535 | D:5      | Killed Pikel
  3535 | D:5      | Reached skill level 5 in Fighting
  3535 | D:5      | Reached skill level 5 in Armour
  3535 | D:5      | Reached skill level 5 in Shields
  3535 | D:5      | Reached XP level 8. HP: 31/50 MP: 8/8
  4133 | D:4      | Got an encrusted trident
  5018 | D:5      | Reached skill level 5 in Maces & Flails
  5387 | D:5      | Reached XP level 9. HP: 42/56 MP: 9/9
  5523 | D:6      | Found Hihitt's Assorted Antiques.
  5568 | D:6      | Identified the +5 trident of Unreason {freeze, rC- MR+
                  | Int-5 Dex+8} (You found it on level 4 of the Dungeon)
  5593 | D:6      | Bought a pair of glowing gloves for 240 gold pieces
  5939 | D:6      | Found a staircase to the Ecumenical Temple.
  5942 | D:6      | You fall through a shaft!
  5973 | D:6      | Found a runed translucent gate.
  5973 | D:6      | Found a runed translucent gate.
  5973 | D:6      | Found a runed translucent gate.
  5975 | D:6      | Noticed JeronimusCornelisz's ghost (novice MiBe)
  6034 | Temple   | Entered the Ecumenical Temple
  6058 | Temple   | Became a worshipper of the Shining One
  6386 | D:6      | Found an iron altar of Okawaru.
  6568 | D:7      | Noticed a two-headed ogre
  6830 | D:7      | Found Bisheana's Assorted Antiques.
  6832 | D:7      | Found Xoamuosk's General Store.
  7107 | D:7      | Reached * piety under the Shining One
  7173 | D:7      | Found a runed translucent door.
  7174 | D:7      | Noticed Crazy Yiuf
  7185 | D:7      | Killed Crazy Yiuf
  7189 | D:7      | Got a fine mace
  7205 | D:7      | Identified the +8 mace of Armageddon {protect, rPois Str+7}
                  | (You found it on level 7 of the Dungeon)
  7300 | D:7      | Found a blossoming altar of Fedhas.
  7404 | D:7      | Reached XP level 10. HP: 63/63 MP: 10/10
  7476 | D:7      | Reached skill level 5 in Dodging
  7592 | D:7      | Found a hide-covered altar of Uskayaw.
  7598 | D:7      | Found a sparkling altar of Nemelex Xobeh.
  7598 | D:7      | Noticed Joseph
  7609 | D:7      | Killed Joseph
  7622 | D:7      | Found Joamaq's Distillery.
  7779 | D:7      | Found a basalt altar of Yredelemnul.
  7888 | D:7      | Killed a two-headed ogre
  8024 | D:8      | Reached ** piety under the Shining One
  8036 | D:8      | Noticed a green ugly thing
  8049 | D:8      | Killed a green ugly thing
  8305 | D:8      | Noticed a manticore
  8311 | D:8      | Killed a manticore
  8405 | D:8      | Reached XP level 11. HP: 69/69 MP: 11/11
  8522 | D:9      | Found a staircase to the Lair.
  8639 | D:9      | Found a burning altar of Makhleb.
  8720 | D:9      | Noticed a cyan ugly thing
  8732 | D:9      | Killed a cyan ugly thing
  8801 | D:9      | Noticed a green ugly thing
  8810 | D:9      | Killed a green ugly thing
  9032 | Lair:1   | Entered Level 1 of the Lair of Beasts
  9256 | Lair:1   | Reached *** piety under the Shining One
  9330 | Lair:1   | Noticed a six-headed hydra
  9388 | Lair:1   | Killed a six-headed hydra
  9393 | Lair:1   | Reached skill level 1 in Invocations
  9778 | Lair:2   | Reached XP level 12. HP: 77/77 MP: 13/13
  9853 | Lair:2   | Reached skill level 10 in Armour
  9856 | Lair:2   | Found a staircase to the Snake Pit.
 10060 | Lair:2   | Noticed Gastronok
 10082 | Lair:2   | Killed Gastronok
 10082 | Lair:2   | Reached skill level 10 in Fighting
 10082 | Lair:2   | Reached skill level 10 in Shields
 10675 | Lair:3   | Found a frozen archway.
 10715 | Lair:3   | Noticed Nergalle
 10725 | Lair:3   | Killed Nergalle
 10757 | IceCv    | Entered an ice cave
 11773 | IceCv    | Noticed a frost giant
 11793 | IceCv    | Killed a frost giant
 11793 | IceCv    | Reached skill level 5 in Invocations
 11793 | IceCv    | Reached XP level 13. HP: 13/84 MP: 2/16
 12053 | IceCv    | Got a twisted battleaxe
 12802 | Lair:4   | Reached skill level 10 in Maces & Flails
 12953 | Lair:4   | Found a staircase to the Shoals.
 13593 | Lair:5   | Reached **** piety under the Shining One
 14356 | Lair:6   | Entered Level 6 of the Lair of Beasts
 14470 | Lair:6   | Found a staircase to the Slime Pits.
 14536 | Lair:6   | Found a large runed translucent door.
 14536 | Lair:6   | Found a large runed translucent door.
 14537 | Lair:6   | Noticed funkygono's ghost (journeyman GrEE)
 14812 | Lair:6   | Reached skill level 1 in Evocations
 14812 | Lair:6   | Gained mutation: Your large and strong wings let you fly
                  | indefinitely. [Gargoyle growth]
 14812 | Lair:6   | Reached XP level 14. HP: 50/91 MP: 11/18
 14852 | Lair:6   | Got an ancient ring mail
 15274 | Lair:6   | Found a large runed translucent door.
 15274 | Lair:6   | Found a large runed translucent door.
 15664 | Lair:6   | Got a dazzling scale mail
 16209 | D:6      | Bought an ichor-stained chain mail for 304 gold pieces
 16220 | D:6      | Identified the cursed +0 chain mail "Ecuk" {*Contam rN+
                  | Dex+8} (You bought it in a shop on level 6 of the Dungeon)
 16221 | D:6      | Identified a scroll of acquirement
 16237 | D:6      | Identified the cursed +0 scale mail of the Apprentice
                  | {Dex+4} (You found it on level 6 of the Lair of Beasts)
 16248 | D:6      | Identified the +1 ring mail of the Moneychanger {MR+} (You
                  | found it on level 6 of the Lair of Beasts)
 16352 | D:10     | Entered Level 10 of the Dungeon
 16487 | D:10     | Found a runed translucent gate.
 16489 | D:10     | Found a runed translucent gate.
 16490 | D:10     | Found a runed translucent door.
 16504 | D:10     | Found a runed translucent gate.
 16521 | D:10     | Found a runed translucent door.
 16537 | D:10     | Found the +9 staff of Olgreb {rPois}
 16825 | D:10     | Noticed Erica
 16839 | D:10     | Killed Erica
 17600 | D:11     | Found a staircase to the Orcish Mines.
 17929 | Orc:1    | Entered Level 1 of the Orcish Mines
 18461 | Orc:2    | Entered Level 2 of the Orcish Mines
 18485 | Orc:2    | Found a staircase to the Elven Halls.
 18561 | Orc:2    | Reached ***** piety under the Shining One
 18589 | Orc:2    | Found a dark tunnel.
 18674 | Volcano  | Entered a volcano
 19261 | Orc:2    | Reached XP level 15. HP: 97/97 MP: 19/19
 19478 | Orc:2    | Found Onolul's Distillery.
 19528 | Orc:2    | Found an ancient bone altar of Kikubaaqudgha.
 19566 | Orc:2    | Found a radiant altar of Vehumet.
 19704 | Orc:2    | Found Damoo's Book Shoppe.
 19742 | Orc:2    | Found a roughly hewn altar of Beogh.
 19742 | Orc:2    | Found Hiekinti's Antique Armour Emporium.
 19751 | Orc:2    | Found Moutsose's Book Shoppe.
 19782 | Orc:2    | Bought a transparent chain mail for 285 gold pieces
 19782 | Orc:2    | Bought a shiny shield for 225 gold pieces
 20027 | Orc:2    | Bought a glowing plate armour for 780 gold pieces
 20051 | Orc:2    | Identified the +3 chain mail "Wyott" {*Slow rF+ rC- MR+
                  | Dex+7} (You bought it in a shop on level 2 of the Orcish
                  | Mines)
 20321 | D:12     | Found a hide-covered altar of Uskayaw.
 20392 | D:12     | Found a transporter.
 20399 | D:12     | Found a roughly hewn altar of Beogh.
 20399 | D:12     | Found a transporter.
 20926 | D:12     | Noticed Nessos
 20936 | D:12     | Killed Nessos
 21507 | D:13     | Reached skill level 5 in Evocations
 22419 | D:14     | Reached skill level 10 in Dodging
 22441 | D:14     | Noticed Roxanne
 22636 | D:14     | Got a shimmering brass amulet
 22818 | D:14     | Found a gate to the Vaults.
 23210 | D:14     | Killed Roxanne
 23210 | D:14     | Reached XP level 16. HP: 42/104 MP: 9/20
 23449 | D:15     | Entered Level 15 of the Dungeon
 23568 | D:15     | Identified the amulet "Soan" {Inacc +Fly rElec} (You found
                  | it on level 14 of the Dungeon)
 23871 | D:15     | Found a shadowy altar of Dithmenos.
 24407 | D:15     | Found a staircase to the Depths.
 24897 | Depths:1 | Entered Level 1 of the Depths
 25207 | Depths:1 | Noticed Bai Suzhen
 25460 | Shoals:1 | Entered Level 1 of the Shoals
 25540 | Shoals:1 | Found Tysenepp's Antique Weapon Boutique.
 25737 | Shoals:1 | Found a runed translucent door.
 25739 | Shoals:1 | Noticed Tramtrist's ghost (journeyman FeBe)
 25974 | Shoals:1 | Reached ****** piety under the Shining One
 27165 | Shoals:3 | Reached XP level 17. HP: 111/111 MP: 22/22
 27184 | Shoals:3 | Identified the +6 great sword of Checks and Balances
                  | {slice, rF+ MR+ Str+4}
 28291 | Shoals:4 | Entered Level 4 of the Shoals
 28356 | Shoals:4 | Noticed Polyphemus
 28519 | Shoals:3 | Killed Polyphemus
 29422 | Shoals:4 | Reached XP level 18. HP: 115/118 MP: 24/24
 29455 | Shoals:4 | Got a shimmering spear
 29594 | Shoals:4 | Noticed Kirke
 29650 | Shoals:4 | Killed Kirke
 29749 | Shoals:4 | Got a barnacled rune of Zot
 29818 | Shoals:4 | Reached skill level 15 in Fighting
 29818 | Shoals:4 | Reached skill level 15 in Armour
 29842 | Shoals:4 | Reached skill level 15 in Shields
 29856 | Shoals:4 | Noticed Ilsuiw
 29926 | Shoals:4 | Killed Ilsuiw
 30331 | Snake:1  | Entered Level 1 of the Snake Pit
 30577 | Snake:1  | Reached skill level 10 in Invocations
 30762 | Snake:1  | Noticed Aizul
 30792 | Snake:1  | Killed Aizul
 30858 | Snake:1  | Found Taloth's Gadget Emporium.
 31246 | Snake:2  | Found Jacatare's Jewellery Shop.
 32182 | Snake:3  | Reached XP level 19. HP: 117/124 MP: 26/26
 32571 | Snake:4  | Entered Level 4 of the Snake Pit
 32678 | Snake:4  | Found Wuiblo Sets's Antique Weapon Shoppe.
 34529 | Snake:4  | Got a serpentine rune of Zot
 35050 | Depths:1 | Killed Bai Suzhen
 35163 | D:15     | Reached XP level 20. HP: 132/132 MP: 28/28
 35493 | D:15     | Reached skill level 15 in Maces & Flails
 35651 | Depths:1 | Found a gateway to Hell.
 35667 | Depths:1 | Gained mutation: You have a pair of small antennae on your
                  | head. [a cacodemon]
 35671 | Depths:1 | Gained mutation: Armour fits poorly on your strangely
                  | shaped body. [a cacodemon]
 35771 | Depths:1 | Found a gateway to a ziggurat.
 36354 | Depths:1 | Identified the +6 spear of Zushraong {antimagic, Fragile
                  | rPois Int+3} (You found it on level 4 of the Shoals)
 36355 | Depths:1 | Identified the +5 battleaxe of War {freeze, Dex+4} (You
                  | found it in an ice cave)
 36396 | Depths:2 | Found a one-way gate leading to the halls of Pandemonium.
 37111 | Depths:2 | Got a vibrating glass ring
 37747 | Depths:2 | Identified Kuite's Catalogue of the Arsonist
 37877 | Depths:2 | Paralysed by a floating eye for 4 turns
 37880 | Depths:2 | HP: 2/133 [ettin/+0 dire flail (22)]
 37884 | Depths:2 | Paralysed by a floating eye for 2 turns
 37893 | Depths:2 | Paralysed by a floating eye for 2 turns
 38136 | Depths:2 | Paralysed by a floating eye for 4 turns
 38265 | Depths:2 | Got a slimy shield
 38280 | Depths:2 | Identified the +4 shield of Loss {rPois Int+5 Slay+3} (You
                  | found it on level 2 of the Depths)
 38408 | Depths:2 | Identified the ring of Hauplewn {Str+3 Dex+3 Stlth-} (You
                  | found it on level 2 of the Depths)
 38501 | Depths:3 | Reached XP level 21. HP: 81/138 MP: 16/30
 38733 | Depths:3 | Found Pocwout's Book Boutique.
 39037 | Depths:3 | Identified the +6 faerie dragon scales {rCorr MP+9 Str+5}
 39037 | Depths:3 | Noticed the Enchantress
 39092 | Depths:3 | Killed the Enchantress
 39167 | Depths:3 | Identified a +7 sacred scourge of holy wrath (a +5 demon
                  | whip of venom blessed by the Shining One)
 39167 | Depths:3 | Received a gift from the Shining One
 39637 | Depths:3 | Found the +12 Vampire's Tooth {vamp}
 39788 | Depths:3 | Noticed a golden dragon
 39803 | Depths:3 | Killed a golden dragon
 39837 | Depths:3 | Got a sparkling brass amulet
 39839 | Depths:3 | Got a faintly glowing war axe
 39994 | Depths:3 | Identified the amulet of Zarghudde {Inacc rPois rC+ Stlth+}
                  | (You found it on level 3 of the Depths)
 39996 | Depths:3 | Identified the +4 war axe "shadizar's Peril" {drain, rPois
                  | MR+} (You found it on level 3 of the Depths)
 40159 | Vaults:1 | Entered Level 1 of the Vaults
 40462 | Vaults:1 | Reached XP level 22. HP: 145/145 MP: 32/32
 40738 | Vaults:1 | Noticed Saint Roka
 40771 | Vaults:1 | Killed Saint Roka
 41288 | Vaults:2 | Identified An Introduction to Spellcasting
 41874 | Vaults:2 | Found Moqeh's Book Shop.
 42605 | Vaults:3 | Found a staircase to the Crypt.
 42696 | Vaults:3 | Paralysed by a floating eye for 4 turns
 42708 | Vaults:3 | Paralysed by a floating eye for 3 turns
 43108 | Vaults:3 | Reached XP level 23. HP: 128/152 MP: 33/33
 44528 | Vaults:4 | Reached skill level 15 in Invocations
 44850 | Vaults:4 | Found Geury's Antique Armour Shoppe.
 45193 | Vaults:5 | Entered Level 5 of the Vaults
 45204 | Vaults:5 | Found Panta's Jewellery Shop.
 45437 | Vaults:5 | Reached XP level 24. HP: 85/160 MP: 34/34
 45598 | Vaults:5 | Reached skill level 15 in Dodging
 45913 | Vaults:5 | Found Fagusch's Distillery.
 45913 | Vaults:5 | Found Jari Rang's Gadget Shop.
 45928 | Vaults:5 | Found Qosmuasm's General Store.
 46921 | Vaults:5 | Found Vuifyph's Distillery.
 47086 | Vaults:5 | Got a silver rune of Zot
 47097 | Vaults:5 | Found Jiprog's Food Boutique.
 47114 | Vaults:5 | Found Otubulep's Distillery.
 47225 | Vaults:5 | Found Deromp's Distillery.
 47313 | Vaults:5 | Reached XP level 25. HP: 138/166 MP: 35/35
 48614 | Depths:4 | Noticed a juggernaut
 48638 | Depths:4 | Killed a juggernaut
 48868 | Depths:4 | Found a one-way gate to the infinite horrors of the Abyss.
 48910 | Depths:4 | Found Soadic's Jewellery Emporium.
 48910 | Depths:4 | Found Lepruef's Gadget Shop.
 48911 | Depths:4 | Found Totypriu's Gadget Shop.
 48926 | Depths:4 | Bought the amulet "Uhyfeiti" {+Rage rF+ rC++} for 786 gold
                  | pieces
 49247 | D:7      | Bought a scroll of enchant armour for 240 gold pieces
 49523 | Depths:5 | Entered Level 5 of the Depths
 49584 | Depths:5 | Found Kokhuoh's Magic Scroll Shoppe.
 49678 | Depths:5 | Noticed Xtahua
 49702 | Depths:5 | Paralysed by a floating eye for 3 turns
 49714 | Depths:5 | Paralysed by a floating eye for 3 turns
 49718 | Depths:5 | Killed Xtahua
 50069 | Depths:5 | Reached XP level 26. HP: 174/174 MP: 35/35
 50243 | Depths:5 | Noticed Jory
 50255 | Depths:5 | Killed Jory
 50353 | Depths:5 | Found Qeonudep's Assorted Antiques.
 50525 | Depths:5 | Found a gate to the Realm of Zot.
 51050 | Elf:1    | Entered Level 1 of the Elven Halls
 51062 | Elf:1    | Noticed Frances
 51077 | Elf:1    | Killed Frances
 51162 | Elf:1    | You are sucked into a shaft!
 51226 | Elf:2    | Found a huge runed translucent gate.
 51226 | Elf:2    | Found a huge runed translucent gate.
 51226 | Elf:2    | Found a huge runed translucent gate.
 51226 | Elf:2    | Found a huge runed translucent gate.
 51229 | Elf:2    | Found a huge runed translucent gate.
 51289 | Elf:2    | Found Uqiluull's Weapon Shop.
 51302 | Elf:2    | Found Paboud's Weapon Shop.
 51592 | Elf:2    | Found Jidurch's Magic Scroll Boutique.
 51599 | Elf:2    | Found Yquts's Food Shoppe.
 51722 | Elf:2    | Found Meluc's Gadget Shoppe.
 52820 | Elf:3    | Entered Level 3 of the Elven Halls
 53257 | Elf:3    | Found Plog's Book Boutique.
 54129 | Elf:3    | Identified the +7 mace "Kove" {antimagic, +Rage rElec
                  | rPois}
 54151 | Elf:3    | Reached XP level 27. HP: 181/181 MP: 35/35
 54258 | Elf:3    | Identified the +6 hand axe of Bloody Death {venom, Dex+2}
 54485 | Elf:3    | Identified the Almanac of Shifting Fire
 54642 | Elf:3    | Got a translucent platinum amulet
 54652 | Elf:3    | Identified the amulet "Fown" {Acrobat +Blink rC- rN+++
                  | Str-2} (You acquired it on level 3 of the Elven Halls)
 54986 | Hell     | Entered the Vestibule of Hell
 54986 | Hell     | Noticed Geryon
 55166 | Hell     | Killed Geryon
 55251 | Hell     | Found a gateway to the decaying netherworld of Tartarus.
 55353 | Hell     | Found a gateway to the ashen valley of Gehenna.
 55480 | Hell     | Found a gateway to the Iron City of Dis.
 55678 | Hell     | Found a gateway to the freezing wastes of Cocytus.
 55766 | Coc:1    | Entered Level 1 of Cocytus
 56155 | Coc:1    | Gained mutation: Your body sometimes deteriorates upon
                  | taking damage. [mutagenic glow]
 56201 | Coc:1    | Gained mutation: You are partially covered in yellow
                  | scales. (AC +2) [mutagenic glow]
 57829 | Coc:6    | Noticed an ancient lich
 57838 | Coc:6    | Killed an ancient lich
 58177 | Coc:7    | Entered Level 7 of Cocytus
 59510 | Coc:7    | Noticed Antaeus
 59560 | Coc:7    | Killed Antaeus
 59586 | Coc:7    | Got an icy rune of Zot
 59926 | Tar:1    | Entered Level 1 of Tartarus
 59981 | Tar:1    | Gained mutation: Your body often deteriorates upon taking
                  | damage. [mutagenic glow]
 61448 | Tar:3    | Gained mutation: Potions are less effective at restoring
                  | your health. [mutagenic glow]
 62008 | Tar:3    | Gained mutation: Your magical capacity is low. (-10% MP) [a
                  | neqoxec]
 62845 | Tar:7    | Entered Level 7 of Tartarus
 63712 | Tar:7    | Got a faintly glowing turquoise ring
 63719 | Tar:7    | Got a steaming crystal amulet
 64107 | Tar:7    | Gained mutation: You are weak. (Str -2) [a neqoxec]
 64213 | Tar:7    | Noticed Ereshkigal
 64276 | Tar:7    | Killed Ereshkigal
 64708 | Tar:7    | Got a bone rune of Zot
 64729 | Tar:7    | Found the +8 frozen axe "Frostbite" {freezing cloud, *Noise
                  | +Fly rC+}
 64801 | Tar:7    | Got a crude marble ring
 65041 | Depths:1 | Identified the cursed ring "Gusufroh" {*Slow rPois MR++
                  | Int-2 Dex+2} (You found it on level 7 of Tartarus)
 65043 | Depths:1 | Identified the amulet of the Gloaming {RegenMP -Tele rPois
                  | rF+} (You found it on level 7 of Tartarus)
 65044 | Depths:1 | Identified the ring of Zypnail {EV+3 Str-3 Int+3 Dex+2
                  | Stlth+} (You found it on level 7 of Tartarus)
 65107 | Dis:1    | Entered Level 1 of the Iron City of Dis
 66450 | Dis:7    | Entered Level 7 of the Iron City of Dis
 67592 | Dis:7    | Identified the +6 chain mail "Forget-Me-Not" {Int+3 Stlth+}
 67877 | Dis:7    | Got a clouded tin ring
 67937 | Dis:7    | Identified the ring "Odeirrir" {+Fly rN+ Str-3 Dex+7}
 67996 | Dis:7    | Found the +8 lance "Wyrmbane" {slay drac, rPois rF+ rC+
                  | AC+3}
 68009 | Dis:7    | Identified the +4 staff of Dispater
 68009 | Dis:7    | Noticed Dispater
 68092 | Dis:7    | Killed Dispater
 68168 | Dis:7    | Got a shimmering plate armour
 68197 | Dis:7    | Got an iron rune of Zot
 68472 | Hell     | Identified a +0 pair of boots of running (You found it on
                  | level 7 of the Iron City of Dis)
 68472 | Hell     | Identified the ring "Roehyryfeg" {Dex+2 SInv} (You found it
                  | on level 7 of the Iron City of Dis)
 68476 | Hell     | Identified the +2 plate armour of Yredelemnul's Hatred
                  | {Regen+ Dex-5 Stlth+} (You found it on level 7 of the Iron
                  | City of Dis)
 68536 | Geh:1    | Entered Level 1 of Gehenna
 69862 | Geh:7    | Entered Level 7 of Gehenna
 69969 | Geh:7    | Noticed the Serpent of Hell
 69970 | Geh:7    | Gained mutation: You are dopey. (Int -2) [mutagenic glow]
 69990 | Geh:7    | Killed the Serpent of Hell
 70877 | Geh:7    | Identified the +7 sceptre of Asmodeus
 70877 | Geh:7    | Noticed Asmodeus
 70906 | Geh:7    | Gained mutation: You are clumsy. (Dex -2) [mutagenic glow]
 70940 | Geh:7    | Killed Asmodeus
 70981 | Geh:7    | Identified the Collected Works on Malediction
 70989 | Geh:7    | Got an obsidian rune of Zot
 71523 | D:7      | Bought 3 scrolls of acquirement for 4992 gold pieces
 71534 | D:7      | Got a coiled bone ring
 71534 | D:7      | Got a transparent brass amulet
 71537 | D:7      | Identified the ring "Deanwuse" {rPois rF+ rC+ Str+3} (You
                  | acquired it on level 7 of the Dungeon)
 71543 | D:7      | Identified the amulet of Evahiwim {Harm *Drain rC+} (You
                  | acquired it on level 7 of the Dungeon)
 71858 | Crypt:1  | Entered Level 1 of the Crypt
 71882 | Crypt:1  | Noticed Mara
 71895 | Crypt:1  | Noticed shadizar's illusion
 71896 | Crypt:1  | Killed Mara
 72021 | Crypt:1  | Noticed Boris
 72043 | Crypt:1  | Killed Boris
 73201 | Crypt:3  | Entered Level 3 of the Crypt
 73246 | Crypt:3  | Noticed an ancient lich
 73265 | Crypt:3  | Killed an ancient lich
 73353 | Crypt:3  | Identified the Papyrus of Black Rituals
 73478 | Crypt:3  | Found a staircase to the Tomb.
 73594 | Crypt:3  | Reached skill level 27 in Fighting
 73969 | Crypt:3  | Noticed an ancient lich
 73969 | Crypt:3  | Noticed an ancient lich
 74101 | Crypt:3  | Reached skill level 27 in Armour
 74110 | Crypt:3  | Killed an ancient lich
 74117 | Crypt:3  | Killed an ancient lich
 74117 | Crypt:3  | Reached skill level 27 in Shields
 74128 | Crypt:3  | Identified the Volume of Evil Arts
 74135 | Crypt:3  | Got a brightly glowing shortbow
 74137 | Crypt:3  | Identified the Collected Works on Companions
 74255 | Tomb:1   | Entered Level 1 of the Tomb of the Ancients
 74520 | Tomb:1   | Noticed a greater mummy
 74528 | Tomb:1   | Killed a greater mummy
 74538 | Tomb:1   | Noticed a greater mummy
 74564 | Tomb:1   | Killed a greater mummy
 74971 | Tomb:1   | Noticed a greater mummy
 74980 | Tomb:1   | Killed a greater mummy
 75211 | Tomb:2   | Noticed a greater mummy
 75212 | Tomb:2   | Noticed a greater mummy
 75212 | Tomb:2   | Noticed a greater mummy
 75213 | Tomb:2   | Noticed an ancient lich
 75229 | Tomb:2   | Killed an ancient lich
 75236 | Tomb:2   | Killed a greater mummy
 75237 | Tomb:2   | Killed a greater mummy
 75239 | Tomb:2   | Killed a greater mummy
 75409 | Tomb:2   | Got a jewelled war axe
 75610 | Tomb:1   | Noticed a greater mummy
 75610 | Tomb:1   | Noticed a greater mummy
 75610 | Tomb:1   | Identified the cursed +1 quarterstaff of the Peculiar
                  | Deaths {crush, *Corrode rC+++ MR+}
 75610 | Tomb:1   | Noticed a greater mummy
 75613 | Tomb:1   | Noticed a greater mummy
 75615 | Tomb:1   | Noticed a greater mummy
 75616 | Tomb:1   | Noticed Mennas
 75617 | Tomb:1   | Noticed a greater mummy
 75621 | Tomb:1   | Noticed a greater mummy
 75621 | Tomb:1   | Noticed a greater mummy
 75621 | Tomb:1   | Noticed a greater mummy
 75632 | Tomb:1   | Killed a greater mummy
 75635 | Tomb:1   | HP: 6/199 [greater mummy/divine providence (14)]
 75635 | Tomb:1   | The Shining One protects you from harm!
 75644 | Tomb:1   | HP: 14/298 [greater mummy/divine providence (12)]
 75654 | Tomb:1   | Killed a greater mummy
 75657 | Tomb:1   | HP: 10/298 [greater mummy/divine providence (11)]
 75658 | Tomb:1   | Killed from afar by a greater mummy

Skill      XL: |  1  2  3  4  5  6  7  8  9 10 11 12 13 14 15 16 17 18 19 20 21 22 23 24 25 26 27 |
---------------+----------------------------------------------------------------------------------+-----
Dodging        | 1 2 3 4 6 7 8 9 10 11 12 13 14 15 16 22 | 22.8
Fighting       | 4 5 6 7 8 9 10 11 12 13 14 15 16 17 18 19 20 27 | 27.0
Armour         | 4 5 6 7 8 9 10 11 12 13 14 15 16 17 18 19 20 27 | 27.0
Shields        | 4 5 6 7 8 9 10 11 12 13 14 15 16 17 18 19 20 27 | 27.0
Maces & Flails | 3 4 5 6 7 8 9 10 11 12 13 14 15 16 17 18 19 26 | 26.2
Invocations    | 1 5 6 7 9 10 11 12 13 14 15 16 17 | 17.0
Evocations     | 1 4 6 |  6.7

Action                   |  1- 3 |  4- 6 |  7- 9 | 10-12 | 13-15 | 16-18 | 19-21 | 22-24 | 25-27 || total
-------------------------+-------+-------+-------+-------+-------+-------+-------+-------+-------++-------
Melee: Flail             |   114 |   345 |   285 |       |       |       |       |       |       ||   744
       Morningstar       |       |       |   166 |       |       |       |       |       |       ||   166
       Mace              |       |       |    59 |   710 |  1842 |  2306 |  2075 |       |       ||  6992
       Sacred scourge    |       |       |       |       |       |       |   257 |  2108 |  8751 || 11116
Invok: Divine Shield     |       |       |       |     5 |    12 |    14 |    16 |     7 |    15 ||    69
       Cleansing Flame   |       |       |       |       |       |     4 |     9 |     8 |    43 ||    64
       Brand Weapon With |       |       |       |       |       |       |     1 |       |       ||     1
 Abil: Evoke Flight      |       |       |       |     1 |       |       |       |       |       ||     1
       Fly               |       |       |       |       |     1 |       |       |       |       ||     1
  Use: Potion            |       |     5 |     1 |     1 |     3 |     2 |     5 |     4 |    16 ||    37
       Scroll            |       |       |     9 |     1 |    22 |    11 |    11 |       |    17 ||    71
  Eat: Chunk             |       |     8 |    11 |    14 |    36 |    24 |    18 |    22 |    45 ||   178
       Ration            |       |       |     1 |     1 |     1 |     3 |     4 |     1 |    18 ||    29
Armor: Scale mail        |    56 |   184 |     4 |       |       |       |       |       |       ||   244
       Chain mail        |       |       |   135 |       |    83 |       |       |       |       ||   218
       Plate armour      |       |       |   117 |   519 |   641 |  1037 |   869 |   479 |       ||  3662
       Gold dragon scale |       |       |       |       |       |       |       |       |  2629 ||  2629
Dodge: Dodged            |    30 |   154 |   132 |   342 |   527 |   672 |   629 |   422 |  2157 ||  5065
Block: Shield            |    71 |   223 |   316 |   672 |  1245 |  2140 |  2182 |  1508 |  7301 || 15658
       Reflection        |       |       |       |       |    13 |   182 |   133 |   139 |   129 ||   596
